2399 views
Uploaded 2021-10-16 11:41:25
Game version 1.32.10
21:03 long 3on3 ladder game on (8)Battleground_LV
Saved by xzz
2399 views
Uploaded 2021-10-16 11:41:25
Game version 1.32.10
21:03 long 3on3 ladder game on (8)Battleground_LV


104 units @ 13.8k
/ 1.8k
98 buildings @ 13.8k
/ 7.1k


| Scroll of Town Portal | 2 | 700 |
| Scroll of Healing | 2 | 500 |
| Potion of Lesser Invulnerability | 1 | 150 |
| Scroll of Protection | 1 | 150 |
| total: | 6 | 1500g |
| Peasant | 13 | 975 | / | 0 |
| Rifleman | 12 | 2460 | / | 360 |
| Mortar Team | 5 | 900 | / | 350 |
| total: | 30 | 4335g | / | 710w |
| Altar of Kings | 1 | 180 | / | 50 |
| Blacksmith | 1 | 140 | / | 60 |
| Farm | 8 | 640 | / | 160 |
| Barracks | 1 | 160 | / | 60 |
| Arcane Vault | 1 | 130 | / | 30 |
| Lumber Mill | 1 | 120 | / | 0 |
| Town Hall | 1 | 385 | / | 205 |
| Workshop | 1 | 140 | / | 140 |
| Keep | 1 | 320 | / | 210 |
| Castle | 1 | 360 | / | 210 |
| total: | 15 | 1895g | / | 705w |
| 0:09 | Altar of Kings |
| 0:11 | Peasant |
| 0:11 | Peasant |
| 0:33 | Blacksmith |
| 0:41 | Peasant |
| 0:42 | Farm |
| 0:46 | Peasant |
| 0:57 | Peasant |
| 1:08 | Peasant |
| 1:40 | Farm |
| 1:41 | Peasant |
| 2:00 | Peasant |
| 2:05 | Barracks |
| 2:19 | Farm |
| 2:35 | Holy Light |
| 2:39 | Farm |
| 2:47 | Rifleman |
| 2:58 | Rifleman |
| 3:03 | Arcane Vault |
| 3:13 | Peasant |
| 3:30 | Rifleman |
| 3:34 | Farm |
| 4:00 | Rifleman |
| 4:24 | Farm |
| 4:26 | Keep |
| 4:37 | Lumber Mill |
| 4:40 | Divine Shield |
| 4:56 | Rifleman |
| 5:34 | Rifleman |
| 5:56 | Holy Light |
| 6:25 | Town Hall |
| 6:40 | Rifleman |
| 6:40 | Black Gunpowder |
| 7:12 | Long Rifles |
| 7:15 | Workshop |
| 7:19 | Improved Masonry |
| 7:30 | Studded Leather Armor |
| 8:19 | Blizzard |
| 8:44 | Mortar Team |
| 8:45 | Rifleman |
| 8:52 | Peasant |
| 8:52 | Peasant |
| 8:52 | Peasant |
| 8:52 | Peasant |
| 8:58 | Devotion Aura |
| 9:03 | Scroll of Town Portal |
| 9:53 | Mortar Team |
| 9:53 | Mortar Team |
| 10:09 | Refined Gunpowder |
| 10:28 | Brilliance Aura |
| 11:38 | Rifleman |
| 12:03 | Potion of Lesser Invulnerability |
| 12:05 | Scroll of Healing |
| 12:11 | Scroll of Healing |
| 12:12 | Scroll of Town Portal |
| 12:13 | Scroll of Protection |
| 12:16 | Rifleman |
| 12:18 | Mortar Team |
| 12:19 | Reinforced Leather Armor |
| 12:22 | Castle |
| 12:30 | Rifleman |
| 12:51 | Farm |
| 12:54 | Farm |
| 13:51 | Blizzard |
| 13:55 | Holy Light |
| 14:29 | Mortar Team |
| 14:30 | Rifleman |
| 14:40 | Brilliance Aura |
| 14:44 | Brilliance Aura |
| 15:01 | Brilliance Aura |
| Right click | 899 |
| Select group | 518 |
| Select | 129 |
| Chat | 125 |
| Build/train/purchase | 69 |
| Minimap ping | 47 |
| Use ability | 31 |
| Assign group | 27 |
| Resource trade | 4 |
| Item give/drop | 3 |
| Misc. action | 2 |
| Esc | 1 |


| Rod of Necromancy | 4 | 600 |
| Ritual Dagger | 1 | 125 |
| Potion of Mana | 1 | 200 |
| Orb of Corruption | 1 | 375 |
| Scroll of Town Portal | 1 | 350 |
| total: | 8 | 1650g |
| Acolyte | 10 | 750 | / | 0 |
| Ghoul | 4 | 480 | / | 0 |
| Crypt Fiend | 6 | 1290 | / | 240 |
| Frost Wyrm | 4 | 1540 | / | 480 |
| total: | 24 | 4060g | / | 720w |
| Nerubian Tower | 1 | 100 | / | 20 |
| Spirit Tower | 3 | 435 | / | 120 |
| Crypt | 2 | 400 | / | 100 |
| Graveyard | 1 | 215 | / | 0 |
| Ziggurat | 8 | 1200 | / | 400 |
| Altar of Darkness | 1 | 180 | / | 50 |
| Tomb of Relics | 1 | 130 | / | 30 |
| Necropolis | 1 | 225 | / | 0 |
| Sacrificial Pit | 1 | 75 | / | 150 |
| Boneyard | 2 | 350 | / | 400 |
| Halls of the Dead | 2 | 640 | / | 420 |
| Black Citadel | 2 | 650 | / | 460 |
| total: | 17 | 2775g | / | 1130w |
| 0:04 | Acolyte |
| 0:04 | Acolyte |
| 0:12 | Crypt |
| 0:15 | Crypt |
| 0:23 | Graveyard |
| 0:39 | Ziggurat |
| 1:01 | Altar of Darkness |
| 1:17 | Ghoul |
| 1:26 | Ziggurat |
| 1:38 | Ghoul |
| 1:53 | Tomb of Relics |
| 2:06 | Nerubian Tower |
| 2:22 | Crypt Fiend |
| 2:44 | Crypt Fiend |
| 3:00 | Rod of Necromancy |
| 3:05 | Death Coil |
| 3:22 | Crypt Fiend |
| 3:54 | Acolyte |
| 4:01 | Rod of Necromancy |
| 4:01 | Rod of Necromancy |
| 4:16 | Halls of the Dead |
| 4:37 | Unholy Aura |
| 4:52 | Crypt Fiend |
| 5:15 | Necropolis |
| 5:28 | Ziggurat |
| 6:16 | Death Coil |
| 6:20 | Creature Attack |
| 6:21 | Crypt Fiend |
| 7:03 | Black Citadel |
| 7:06 | Sacrificial Pit |
| 7:08 | Ghoul |
| 7:08 | Ghoul |
| 7:11 | Acolyte |
| 7:12 | Acolyte |
| 7:12 | Acolyte |
| 7:12 | Acolyte |
| 7:47 | Frost Nova |
| 8:43 | Crypt Fiend |
| 8:46 | Acolyte |
| 8:46 | Acolyte |
| 8:46 | Acolyte |
| 9:04 | Ziggurat |
| 9:06 | Ziggurat |
| 9:08 | Ziggurat |
| 9:10 | Ziggurat |
| 9:14 | Ziggurat |
| 9:25 | Boneyard |
| 9:25 | Boneyard |
| 9:51 | Web |
| 10:43 | Frost Wyrm |
| 10:44 | Frost Wyrm |
| 11:09 | Frost Armor |
| 11:35 | Frost Wyrm |
| 11:39 | Spirit Tower |
| 11:41 | Spirit Tower |
| 11:42 | Spirit Tower |
| 12:10 | Scroll of Town Portal |
| 12:11 | Rod of Necromancy |
| 12:13 | Ritual Dagger |
| 12:20 | Potion of Mana |
| 12:42 | Orb of Corruption |
| 13:05 | Freezing Breath |
| 13:09 | Improved Creature Attack |
| 14:03 | Unholy Aura |
| 14:10 | Frost Nova |
| 14:37 | Frost Wyrm |
| 15:03 | Death Coil |
| Right click | 611 |
| Select group | 448 |
| Select | 193 |
| Build/train/purchase | 91 |
| Misc. action | 32 |
| Use ability | 30 |
| Assign group | 24 |
| Chat | 11 |
| Item give/drop | 4 |

| Scroll of Healing | 1 | 250 |
| Scroll of Town Portal | 1 | 350 |
| Boots of Speed | 1 | 250 |
| Potion of Lesser Invulnerability | 1 | 150 |
| total: | 4 | 1000g |
| Peon | 36 | 2700 | / | 0 |
| Raider | 7 | 1260 | / | 280 |
| Forest Troll Berserker | 3 | 735 | / | 90 |
| Forest Troll Shadow Priest | 2 | 390 | / | 20 |
| Mud Golem | 2 | 290 | / | 20 |
| total: | 50 | 5375g | / | 410w |
| Watch Tower | 44 | 4840 | / | 3520 |
| Altar of Storms | 1 | 180 | / | 50 |
| Orc Burrow | 8 | 1280 | / | 320 |
| War Mill | 1 | 205 | / | 0 |
| Voodoo Lounge | 4 | 520 | / | 120 |
| Great Hall | 4 | 1540 | / | 740 |
| Beastiary | 4 | 580 | / | 560 |
| Stronghold | 1 | 315 | / | 190 |
| total: | 66 | 9145g | / | 5310w |
| 0:27 | Altar of Storms |
| 0:29 | Peon |
| 0:35 | Orc Burrow |
| 0:39 | Peon |
| 1:04 | War Mill |
| 1:15 | Peon |
| 1:32 | Peon |
| 1:51 | Voodoo Lounge |
| 1:54 | Peon |
| 2:25 | Peon |
| 2:26 | Peon |
| 2:41 | Serpent Ward |
| 2:54 | Peon |
| 3:29 | Peon |
| 3:29 | Peon |
| 3:29 | Peon |
| 4:05 | Watch Tower |
| 4:23 | Orc Burrow |
| 4:25 | Peon |
| 4:36 | Watch Tower |
| 4:36 | Watch Tower |
| 4:44 | Watch Tower |
| 4:57 | Stronghold |
| 5:15 | Forest Troll Berserker |
| 5:16 | Forest Troll Shadow Priest |
| 5:38 | Watch Tower |
| 5:43 | Watch Tower |
| 6:33 | Great Hall |
| 6:41 | Hex |
| 6:48 | Orc Burrow |
| 6:50 | Watch Tower |
| 6:52 | Watch Tower |
| 6:53 | Watch Tower |
| 8:11 | Serpent Ward |
| 9:33 | Beastiary |
| 9:35 | Beastiary |
| 9:41 | Beastiary |
| 9:43 | Peon |
| 9:43 | Peon |
| 9:43 | Peon |
| 9:43 | Peon |
| 9:52 | Peon |
| 9:52 | Peon |
| 9:53 | Peon |
| 9:53 | Peon |
| 10:02 | Peon |
| 10:03 | Peon |
| 10:12 | Orc Burrow |
| 10:29 | Watch Tower |
| 10:30 | Watch Tower |
| 10:54 | Raider |
| 10:57 | Peon |
| 10:57 | Peon |
| 11:00 | Peon |
| 11:00 | Peon |
| 11:00 | Peon |
| 11:00 | Peon |
| 11:00 | Peon |
| 11:00 | Peon |
| 11:06 | Forest Troll Shadow Priest |
| 11:06 | Mud Golem |
| 11:08 | Forest Troll Berserker |
| 11:34 | Ensnare |
| 11:34 | Raider |
| 12:18 | Great Hall |
| 12:21 | Watch Tower |
| 12:21 | Watch Tower |
| 12:21 | Watch Tower |
| 12:22 | Watch Tower |
| 12:22 | Watch Tower |
| 12:29 | Raider |
| 12:31 | Peon |
| 12:31 | Peon |
| 12:31 | Peon |
| 12:35 | Beastiary |
| 12:37 | Peon |
| 12:37 | Peon |
| 12:53 | Watch Tower |
| 12:53 | Watch Tower |
| 12:54 | Watch Tower |
| 12:54 | Watch Tower |
| 12:55 | Watch Tower |
| 13:22 | Orc Burrow |
| 13:45 | Hex |
| 14:31 | Raider |
| 14:33 | Orc Burrow |
| 14:36 | Orc Burrow |
| 14:41 | Serpent Ward |
| 15:12 | Great Hall |
| 15:14 | Watch Tower |
| 15:14 | Watch Tower |
| 15:15 | Watch Tower |
| 15:15 | Watch Tower |
| 15:15 | Watch Tower |
| 15:54 | Great Hall |
| 15:57 | Watch Tower |
| 15:57 | Watch Tower |
| 15:58 | Watch Tower |
| 15:59 | Watch Tower |
| 15:59 | Watch Tower |
| 16:17 | Raider |
| 16:21 | Orc Burrow |
| 16:40 | Raider |
| 16:44 | Reinforced Defenses |
| 16:54 | Watch Tower |
| 16:55 | Watch Tower |
| 16:56 | Watch Tower |
| 16:57 | Watch Tower |
| 16:57 | Watch Tower |
| 16:57 | Watch Tower |
| 16:58 | Watch Tower |
| 16:58 | Watch Tower |
| 17:00 | Peon |
| 17:43 | Watch Tower |
| 17:45 | Watch Tower |
| 17:48 | Voodoo Lounge |
| 17:54 | Watch Tower |
| 17:55 | Watch Tower |
| 17:55 | Watch Tower |
| 17:58 | Voodoo Lounge |
| 17:59 | Voodoo Lounge |
| 18:07 | Spiked Barricades |
| 18:20 | Mud Golem |
| 18:23 | Forest Troll Berserker |
| 19:00 | Raider |
| 20:06 | Boots of Speed |
| 20:07 | Potion of Lesser Invulnerability |
| 20:07 | Scroll of Healing |
| 20:10 | Scroll of Town Portal |
| 20:22 | Improved Spiked Barricades |
| 20:23 | Steel Armor |
| 20:54 | Steel Melee Weapons |
| Right click | 611 |
| Select | 243 |
| Chat | 153 |
| Build/train/purchase | 140 |
| Select group | 81 |
| Use ability | 34 |
| Assign group | 22 |
| Resource trade | 5 |
| Misc. action | 4 |
| Esc | 3 |
| Minimap ping | 1 |
104 units @ 12.3k
/ 1.8k
37 buildings @ 6.1k
/ 2.4k


| Rod of Necromancy | 1 | 150 |
| Scroll of Town Portal | 1 | 350 |
| total: | 2 | 500g |
| Acolyte | 11 | 825 | / | 0 |
| Ghoul | 18 | 2160 | / | 0 |
| Gargoyle | 8 | 1400 | / | 240 |
| total: | 37 | 4385g | / | 240w |
| Nerubian Tower | 1 | 100 | / | 20 |
| Altar of Darkness | 1 | 180 | / | 50 |
| Ziggurat | 7 | 1050 | / | 350 |
| Crypt | 2 | 400 | / | 100 |
| Tomb of Relics | 1 | 130 | / | 30 |
| Graveyard | 1 | 215 | / | 0 |
| Sacrificial Pit | 1 | 75 | / | 150 |
| Slaughterhouse | 1 | 140 | / | 135 |
| Halls of the Dead | 1 | 320 | / | 210 |
| Black Citadel | 1 | 325 | / | 230 |
| total: | 14 | 2190g | / | 815w |
| 0:04 | Acolyte |
| 0:05 | Acolyte |
| 0:09 | Altar of Darkness |
| 0:13 | Ziggurat |
| 0:48 | Crypt |
| 0:53 | Tomb of Relics |
| 1:17 | Ziggurat |
| 1:51 | Ghoul |
| 1:51 | Ghoul |
| 1:51 | Ghoul |
| 1:52 | Cannibalize |
| 2:11 | Ziggurat |
| 2:17 | Sleep |
| 2:31 | Ghoul |
| 2:32 | Ghoul |
| 2:32 | Ghoul |
| 3:19 | Ghoul |
| 3:19 | Ghoul |
| 3:24 | Graveyard |
| 3:30 | Rod of Necromancy |
| 3:59 | Vampiric Aura |
| 4:10 | Ghoul |
| 4:10 | Ghoul |
| 4:33 | Ghoul |
| 4:33 | Ghoul |
| 4:43 | Nerubian Tower |
| 4:59 | Halls of the Dead |
| 6:06 | Ghoul |
| 6:07 | Ghoul |
| 6:24 | Vampiric Aura |
| 6:59 | Unholy Strength |
| 6:59 | Unholy Armor |
| 7:00 | Ghoul |
| 7:01 | Ghoul |
| 7:01 | Ghoul |
| 7:01 | Ghoul |
| 7:07 | Ziggurat |
| 7:09 | Crypt |
| 8:49 | Acolyte |
| 8:54 | Gargoyle |
| 8:55 | Gargoyle |
| 9:15 | Scroll of Town Portal |
| 9:38 | Ziggurat |
| 9:42 | Sacrificial Pit |
| 10:01 | Acolyte |
| 10:01 | Acolyte |
| 10:01 | Acolyte |
| 10:07 | Acolyte |
| 10:07 | Acolyte |
| 10:07 | Acolyte |
| 10:07 | Acolyte |
| 10:07 | Acolyte |
| 10:55 | Gargoyle |
| 11:28 | Gargoyle |
| 12:10 | Black Citadel |
| 12:17 | Slaughterhouse |
| 12:19 | Ziggurat |
| 12:24 | Sleep |
| 12:54 | Ziggurat |
| 13:27 | Gargoyle |
| 14:16 | Gargoyle |
| 14:16 | Gargoyle |
| 14:25 | Frost Nova |
| 14:51 | Stone Form |
| 14:56 | Gargoyle |
| Right click | 584 |
| Select | 231 |
| Build/train/purchase | 58 |
| Select group | 43 |
| Use ability | 25 |
| Resource trade | 13 |
| Assign group | 5 |
| Misc. action | 2 |
| Item give/drop | 1 |
| Esc | 1 |


| Wisp | 24 | 1440 | / | 0 |
| Archer | 6 | 780 | / | 60 |
| Dryad | 19 | 2755 | / | 1140 |
| total: | 49 | 4975g | / | 1200w |
| Altar of Elders | 1 | 180 | / | 50 |
| Moon Well | 5 | 900 | / | 200 |
| Ancient of War | 1 | 150 | / | 60 |
| Hunter's Hall | 1 | 210 | / | 100 |
| Tree of Life | 1 | 340 | / | 185 |
| Ancient of Wonders | 1 | 90 | / | 30 |
| Ancient of Lore | 2 | 310 | / | 290 |
| Tree of Ages | 1 | 320 | / | 180 |
| Tree of Eternity | 1 | 330 | / | 200 |
| total: | 12 | 2180g | / | 915w |
| 0:03 | Wisp |
| 0:03 | Wisp |
| 0:04 | Wisp |
| 0:13 | Altar of Elders |
| 0:23 | Moon Well |
| 0:37 | Ancient of War |
| 0:41 | Wisp |
| 0:41 | Wisp |
| 0:58 | Wisp |
| 0:59 | Wisp |
| 1:35 | Wisp |
| 1:40 | Archer |
| 1:52 | Archer |
| 2:18 | Tree of Ages |
| 2:20 | Force of Nature |
| 2:41 | Moon Well |
| 3:00 | Hunter's Hall |
| 3:40 | Archer |
| 3:40 | Archer |
| 4:06 | Entangling Roots |
| 4:26 | Archer |
| 4:35 | Tree of Life |
| 4:56 | Ancient of Lore |
| 5:14 | Archer |
| 5:46 | Ancient of Lore |
| 5:56 | Wisp |
| 6:20 | Abolish Magic |
| 6:20 | Dryad |
| 6:20 | Dryad |
| 6:34 | Entangling Roots |
| 6:48 | Dryad |
| 7:09 | Dryad |
| 8:46 | Trueshot Aura |
| 8:49 | Dryad |
| 8:53 | Wisp |
| 8:53 | Wisp |
| 8:53 | Wisp |
| 8:53 | Wisp |
| 8:54 | Wisp |
| 8:54 | Wisp |
| 9:35 | Dryad |
| 9:35 | Dryad |
| 9:35 | Dryad |
| 9:36 | Dryad |
| 9:48 | Wisp |
| 9:48 | Wisp |
| 9:48 | Wisp |
| 9:48 | Wisp |
| 9:49 | Wisp |
| 9:52 | Moon Well |
| 10:06 | Moon Well |
| 11:05 | Dryad |
| 11:05 | Dryad |
| 11:36 | Wisp |
| 11:36 | Wisp |
| 11:36 | Wisp |
| 11:36 | Wisp |
| 11:39 | Dryad |
| 11:39 | Dryad |
| 11:47 | Reinforced Hides |
| 12:00 | Moon Well |
| 12:07 | Strength of the Wild |
| 12:28 | Tree of Eternity |
| 12:56 | Ancient of Wonders |
| 14:14 | Dryad |
| 14:14 | Dryad |
| 14:14 | Dryad |
| 14:15 | Dryad |
| 14:15 | Dryad |
| 14:15 | Dryad |
| Right click | 499 |
| Select | 170 |
| Build/train/purchase | 66 |
| Use ability | 17 |
| Resource trade | 7 |
| Assign group | 6 |
| Minimap ping | 4 |
| Esc | 2 |
| Select group | 1 |


| Rod of Necromancy | 3 | 450 |
| Sacrificial Skull | 1 | 50 |
| Orb of Corruption | 1 | 375 |
| Potion of Healing | 2 | 300 |
| Potion of Mana | 1 | 200 |
| Boots of Speed | 1 | 250 |
| total: | 9 | 1625g |
| Acolyte | 2 | 150 | / | 0 |
| Ghoul | 6 | 720 | / | 0 |
| Crypt Fiend | 7 | 1505 | / | 280 |
| Obsidian Statue | 3 | 600 | / | 105 |
| total: | 18 | 2975g | / | 385w |
| Nerubian Tower | 1 | 100 | / | 20 |
| Spirit Tower | 1 | 145 | / | 40 |
| Crypt | 1 | 200 | / | 50 |
| Ziggurat | 5 | 750 | / | 250 |
| Altar of Darkness | 1 | 180 | / | 50 |
| Graveyard | 1 | 215 | / | 0 |
| Tomb of Relics | 1 | 130 | / | 30 |
| Slaughterhouse | 2 | 280 | / | 270 |
| Halls of the Dead | 1 | 320 | / | 210 |
| Black Citadel | 2 | 650 | / | 460 |
| total: | 11 | 1755g | / | 650w |
| 0:04 | Acolyte |
| 0:04 | Acolyte |
| 0:11 | Crypt |
| 0:29 | Ziggurat |
| 0:43 | Altar of Darkness |
| 1:17 | Ghoul |
| 1:36 | Ghoul |
| 1:59 | Ghoul |
| 2:04 | Graveyard |
| 2:10 | Ziggurat |
| 2:23 | Ghoul |
| 2:28 | Tomb of Relics |
| 2:50 | Halls of the Dead |
| 2:51 | Death Coil |
| 3:22 | Nerubian Tower |
| 3:51 | Crypt Fiend |
| 4:14 | Crypt Fiend |
| 4:27 | Rod of Necromancy |
| 4:28 | Sacrificial Skull |
| 4:33 | Ziggurat |
| 4:50 | Creature Attack |
| 5:18 | Crypt Fiend |
| 5:20 | Unholy Aura |
| 6:00 | Death Coil |
| 6:01 | Boots of Speed |
| 6:11 | Web |
| 6:19 | Slaughterhouse |
| 6:57 | Frost Nova |
| 7:03 | Black Citadel |
| 7:35 | Ghoul |
| 8:41 | Crypt Fiend |
| 8:53 | Obsidian Statue |
| 8:54 | Crypt Fiend |
| 9:05 | Spirit Tower |
| 9:21 | Slaughterhouse |
| 9:47 | Destroyer Form |
| 9:57 | Orb of Corruption |
| 10:11 | Potion of Healing |
| 10:12 | Rod of Necromancy |
| 10:27 | Obsidian Statue |
| 11:20 | Potion of Healing |
| 11:29 | Dark Ritual |
| 11:35 | Ghoul |
| 12:19 | Crypt Fiend |
| 12:24 | Obsidian Statue |
| 12:37 | Ziggurat |
| 12:46 | Potion of Mana |
| 12:48 | Rod of Necromancy |
| 13:00 | Ziggurat |
| 13:13 | Improved Creature Attack |
| 13:13 | Advanced Creature Attack |
| 14:14 | Unholy Aura |
| 14:24 | Crypt Fiend |
| Right click | 367 |
| Select | 229 |
| Select group | 214 |
| Misc. action | 174 |
| Build/train/purchase | 74 |
| Use ability | 35 |
| Assign group | 25 |
| Minimap ping | 7 |
| Item give/drop | 3 |
⇛